 Dungeon Crawl Stone Soup version 0.22-a0-608-g8a62e23 (webtiles) character file.

26 Hebeh the Firebug (level 2, 15/15 HPs)
             Began as a Deep Elf Fire Elementalist on July 9, 2018.
             Quit the game on level 1 of the Dungeon.
             The game lasted 00:02:32 (576 turns).

Hebeh the Firebug (Deep Elf Fire Elementalist)       Turns: 576, Time: 00:02:33

Health: 15/15      AC:  2    Str:  5    XL:     2   Next: 89%
Magic:  0/8        EV: 13    Int: 19    God:
Gold:   20         SH:  0    Dex: 15    Spells: 6/7 levels left

rFire    . . .     SeeInvis .   (no weapon)
rCold    . . .     Gourm    .   (no shield)
rNeg     . . .     Faith    .   a - +0 robe
rPois    .         Spirit   +   (no helmet)
rElec    .         Reflect  .   (no cloak)
rCorr    .         Harm     .   (no gloves)
MR       .....                  (no boots)
Stlth    ++........             f - amulet of guardian spirit
HPRegen  0.05/turn              (no ring)
MPRegen  0.11/turn              (no ring)

@: no status effects
A: no striking features
a: no special abilities


You were on level 1 of the Dungeon.
You were not hungry.

You visited 1 branch of the dungeon, and saw 1 of its levels.

You collected 20 gold pieces.

Inventory:

Missiles
 g - 2 tomahawks of dispersal (quivered)
Armour
 a - a +0 robe (worn)
Jewellery
 f - an amulet of guardian spirit (around neck)
Scrolls
 d - 2 scrolls of magic mapping {unknown}
Potions
 e - 2 potions of heal wounds {unknown}
Comestibles
 c - a ration


   Skills:
 + Level 2.8 Dodging
 + Level 2.9 Stealth
 + Level 3.4 Spellcasting
 + Level 1.7 Conjurations
 + Level 3.6 Fire Magic


You had 6 spell levels left.
You knew the following spells:

 Your Spells              Type           Power        Failure   Level  Hunger
a - Flame Tongue          Conj/Fire      ##...        4%          1    None

Your spell library contained the following spells:

 Spells                   Type           Power        Failure   Level  Hunger
 Fireball                 Conj/Fire      ##........   80%         5    ######.
 Conjure Flame            Conj/Fire      ##......     14%         3    ###....
 Throw Flame              Conj/Fire      ##....       8%          2    ##.....
 Sticky Flame             Conj/Fire      ##......     43%         4    ####...
 Inner Flame              Hex/Fire       ##......     22%         3    ###....


Dungeon Overview and Level Annotations

Branches:
Dungeon (1/15)

Altars:


Message History

b - 6 chunks of flesh (gained 3)
You see here a goblin skeleton. x2
You see here a stone.
As you open the door, it creaks loudly!
There is an open door here.
You open the door.
Some of the chunks of flesh in your inventory have rotted away.
There is an open door here.
You open the door.
Found 17 arrows.
A frilled lizard, a rat and a giant cockroach come into view.
Found 2 amethyst potions.
Found an escape hatch in the floor.
There is an open door here.
There is an open door here.
You start resting.
All of the chunks of flesh in your inventory have rotted away.
HP restored.
You feel your power drawn to a protective spirit.
f - an amulet of guardian spirit (around neck) Are you sure you want to abandon this character and quit the game? (Confirm with "yes".)

###
...........r..#
.l!....!......#
#'# #.# ##'##
#...# #...#
#+##...# #
#.##.@.# ...
#..'...# ###+
#######..#...#
#........#...#
#..>.....#####
#........#
#######..######
######.......#
#...##....[..#


There were no monsters in sight!

Vanquished Creatures
  2 dart slugs (D:1)
  A leopard gecko (D:1)
  3 giant cockroaches (D:1)
  3 goblins (D:1)
  A hobgoblin (D:1)
  4 kobolds (D:1)
  2 bats (D:1)
  2 frilled lizards (D:1)
  2 rats (D:1)
20 creatures vanquished.

Notes
Turn   | Place    | Note
-------+----------+-------------------------------------------
     0 | D:1      | Hebeh the Deep Elf Fire Elementalist began the quest for the Orb.
     0 | D:1      | Reached XP level 1. HP: 10/10 MP: 6/6
   143 | D:1      | Reached XP level 2. HP: 15/15 MP: 4/8
   576 | D:1      | Quit the game

Vault maps used:
D:1:      dpeg_arrival_simpleton_b

Action                   || total
-------------------------++-------
Melee: Unarmed           ||    15
 Cast: Flame Tongue      ||    32
Armor: Robe              ||     3
Dodge: Dodged            ||    17

Table legend:
 A = Spawn XP
 B = Non-spawn XP
 C = Spawn XP percentage of total XP
 D = Spawn monster count
 E = Non-spawn monster count
 F = Spawn count percentage of total count
 G = Total turns spent on level
                    A         B        C        D         E        F      G
               +---------+---------+-------+---------+---------+-------+---------
         Total |       0 |      38 |   0.0 |       0 |      20 |   0.0 |   576
               +---------+---------+-------+---------+---------+-------+---------
           D:1 |       0 |      38 |   0.0 |       0 |      20 |   0.0 |   576
               +---------+---------+-------+---------+---------+-------+---------
